[Event "Early-Titled-Tuesday-Blitz-July-09-2024"]
[Site "Chess.com"]
[Date "2024.07.09"]
[Round "2"]
[White "BlackBoarder"]
[Black "Smiechu"]
[Result "1-0"]
[WhiteElo "2724"]
[BlackElo "2453"]
[TimeControl "180+1"]
[EndTime "8:18:30 PDT"]
[Termination "BlackBoarder won by resignation"]

1. d4 Nf6 2. Nc3 c5 3. d5 e6 4. e4 exd5 5. Nxd5 Nxd5 6. Qxd5 d6 7. Bb5+ Nd7 8. Bd2 a6 9. Bc4 Qe7 10. O-O-O Nb6 11. Qd3 Nxc4 12. Qxc4 Be6 13. Qd3 g6 14. Bc3 Bh6+ 15. Kb1 O-O 16. Nf3 Rfd8 17. h4 b5 18. h5 g5 19. Qe3 f6 20. b3 a5 21. Bb2 a4 22. Qc3 axb3 23. axb3 Bg7 24. h6 Bh8 25. Nxg5 b4 26. Qe3 fxg5 27. Rh5 Bxb2 28. Rxg5+ Kh8 29. Kxb2 Qf6+ 30. e5 dxe5 31. Rxd8+ Rxd8 32. Qxe5 Qxe5+ 33. Rxe5 Bd5 34. g4 Kg8 35. f4 Kf7 36. g5 c4 37. bxc4 Bxc4 38.
Rc5 Rd4 39. f5 Rg4 40. Rc7+ Kg8 41. g6 hxg6 42. fxg6 Rxg6 43. h7+ Kh8 44. Rxc4 Kxh7 45. Rxb4 Kg7 46. Rf4 Rb6+ 47. Ka3 Ra6+ 48. Kb4 Rb6+ 49. Kc5 Rb2 50. c4 Kg6 51. Kc6 Kg5 52. Rf1 Rc2 53.
c5 Rh2 54. Kb6 Rb2+ 55. Kc7 Rc2 56. c6 Kg6 57. Kb7 Rb2+ 58. Kc8 Rh2 59. c7 Rb2 60.
Rc1 Kf7 61. Kd7 Rd2+ 62. Kc6 Rb2 63. c8=Q 1-0

[Event "Early-Titled-Tuesday-Blitz-July-09-2024"]
[Site "Chess.com"]
[Date "2024.07.09"]
[Round "2"]
[White "komogro"]
[Black "AndresDelgado77"]
[Result "1/2-1/2"]
[WhiteElo "2527"]
[BlackElo "2340"]
[TimeControl "180+1"]
[EndTime "8:18:30 PDT"]
[Termination "Game drawn by repetition"]

1. e4 e6 2. d4 d5 3. exd5 exd5 4.
Bd3 Nc6 5. c3 Bd6 6. Ne2 Qh4 7.
Be3 Nf6 8. Nd2 Ng4 9. Nf3 Nxe3 10. Nxh4 Nxd1 11. Rxd1 Ne7 12. O-O O-O 13. Ng3 g6 14. Rfe1 Bg4 15. Be2 Be6 16. Nf3 f6 17. Bd3 Bg4 18.
Be2 Rae8 19. h3 Bxf3 20. Bxf3 Bxg3 21. fxg3 c6 22. Re6 Nf5 23. Rxe8 Rxe8 24. Kf2 Kf7 25. Bg4 Ne3 26. Rh1 Nxg4+ 27. hxg4 Kg7 28. a4 b6 29. a5 bxa5 30. Ra1 Rb8 31. Rxa5 Rxb2+ 32. Kf3 Rb3 33. Rc5 Rb6 34. Ra5 a6 35. Ke3 Kh6 36. Rc5 Kg5 37. Kf3 Kh6 38. Kf4 Kg7 39. g5 fxg5+ 40. Kxg5 h6+ 41. Kf4 Kf6 42. g4 g5+ 43.
Ke3 Ke6 44. Ra5 Kd6 45. g3 Kc7 46. Ra1 Rb3 47. Kd3 Kb6 48. Kc2 Rb5 49. Rh1 a5 50. Rxh6 a4 51. Rh8 a3 52. Rb8+ Kc7 53. Rxb5 cxb5 54.
Kb3 Kb6 55. Kxa3 Ka5 56. Kb3 Ka6 57. Ka3 Ka5 58. Kb2 Ka6 59. Kb3 Ka5 60. Ka3 Ka6 61. Kb2 Ka5 62. Ka3 Ka6 63. Kb3 Ka5 64. Ka3 1/2-1/2

[Event "Early-Titled-Tuesday-Blitz-July-09-2024"]
[Site "Chess.com"]
[Date "2024.07.09"]
[Round "2"]
[White "aquarium76"]
[Black "brm72"]
[Result "1-0"]
[WhiteElo "3020"]
[BlackElo "2665"]
[TimeControl "180+1"]
[EndTime "8:18:31 PDT"]
[Termination "aquarium76 won by checkmate"]

1. e4 c5 2. a4 Nc6 3. Bb5 e5 4. Nc3 Nge7 5. d3 g6 6. f4 Bg7 7. Nf3 O-O 8. fxe5 Nxe5 9. Nxe5 Bxe5 10. Bh6 Bg7 11. Bxg7 Kxg7 12. O-O d5 13. Qf3 Be6 14. exd5 Nxd5 15. Ne4 Rc8 16. Qg3 Qc7 17. Qh4 Qe7 18.
Ng5 h6 19. Nxe6+ Qxe6 20. Rae1 Qd6 21. Qe4 Rc7 22. Bc4 Nf6 23. Qe5 Qxe5 24. Rxe5 Rd8 25. a5 Rd6 26. h3 h5 27. g3 b6 28. axb6 axb6 29. Ra1 Rb7 30. Ra8 b5 31. Ba2 c4 32.
dxc4 bxc4 33. Bxc4 Rxb2 34. Bd3 Rb7 35. Kg2 Rc7 36.
Raa5 Nd7 37. Re7 Rdc6 38. Re2 Nc5 39. Bb5 Rd6 40. Bc4 Nd7 41. Bb3 Nf6 42. Rae5 Rdd7 43. Rf2 Rc3 44. Ree2 Rdc7 45. Rf4 R7c5 46. Re7 Rc7 47. Re2 R3c5 48. Ref2 R5c6 49. g4 hxg4 50. hxg4 g5 51. Rf5 Kg6 52. Kh3 Rd6 53. R2f3 Rb7 54. c4 Rb8 55. c5 Rh8+ 56. Kg2 Ra6 57. Bc2 Ra2 58. Rxf6+ Kg7 59. Rxf7+ Kg8 60. Rf8+ Kg7 61. R3f7+ Kh6 62. Rxh8# 1-0

[Event "Early-Titled-Tuesday-Blitz-July-09-2024"]
[Site "Chess.com"]
[Date "2024.07.09"]
[Round "2"]
[White "Hongjin"]
[Black "klimkoj"]
[Result "0-1"]
[WhiteElo "2599"]
[BlackElo "2879"]
[TimeControl "180+1"]
[EndTime "8:18:32 PDT"]
[Termination "klimkoj won by resignation"]

1. e4 c5 2. Be2 Nc6 3. f4 e6 4. Nf3 d5 5. d3 Bd6 6. O-O Nge7 7. Qe1 O-O 8. Qh4 f5 9. e5 Bc7 10. a4 d4 11. Na3 Nb4 12. Bd1 Nbd5 13. Nc4 b6 14.
Bd2 Rb8 15. b3 Ng6 16. Qg3 a6 17. h4 b5 18. axb5 axb5 19. Nb2 Nge7 20. Be2 Bd7 21. Nd1 Be8 22. Ng5 Qd7 23. Nf2 h6 24. Nf3 Bh5 25. Nxd4 cxd4 26. Bxh5 Qc6 27. Bd1 Bb6 28. Qf3 Qc5 29. Nh1 Ne3 30. Bxe3 dxe3 31. Kh2 Nd5 32. Ng3 Ra8 33. Rxa8 Rxa8 34. c4 Nc7 35. Ne2 bxc4 36. bxc4 Ra2 37. Qb7 Rb2 38. Rf3 Kh7 39. Rg3 Qe7 40.
Rh3 Bd4 41. Qf3 Ba7 42. d4 Rd2 43. Bb3 Bxd4 44. Nxd4 Rxd4 45. Qxe3 Re4 46. Qf3 Qb4 47. h5 Qd2 48. c5 Rxf4 49. Qd3 Qf2 50. Bd1 Qxc5 51.
Qd7 Qxe5 52. Qf7 Rf1+ 53. Rg3 Rxd1 54. Qg6+ Kg8 55. Qxh6 Qxg3+ 56. Kxg3 gxh6 57. Kh4 Rd4+ 58. g4 Rxg4+ 59. Kh3 Rg5 0-1

[Event "Early-Titled-Tuesday-Blitz-July-09-2024"]
[Site "Chess.com"]
[Date "2024.07.09"]
[Round "2"]
[White "AA95"]
[Black "suspiciumchess"]
[Result "0-1"]
[WhiteElo "2522"]
[BlackElo "2378"]
[TimeControl "180+1"]
[EndTime "8:18:32 PDT"]
[Termination "suspiciumchess won by resignation"]

1. Nf3 Nf6 2. g3 g6 3. Bg2 Bg7 4. O-O O-O 5. d4 d5 6. c4 c6 7. cxd5 cxd5 8. Nc3 Nc6 9. Ne5 Qb6 10.
Nxc6 bxc6 11. Na4 Qb5 12. Re1 Bf5 13. Bf1 Qb4 14. a3 Qa5 15. Bd2 Qc7 16. Bf4 Qd8 17.
Rc1 Rc8 18. Nc5 Qb6 19. b4 a5 20. Qa4 axb4 21. axb4 Ra8 22. Qb3 Ne4 23. e3 Nd2 24. Qc3 Nxf1 25. Rxf1 f6 26. f3 g5 27. e4 Bh3 28.
Be3 Bxf1 29. Kxf1 Qb5+ 30. Kg1 Ra2 31. Nd3 Rfa8 32. exd5 cxd5 33. Rd1 Kf7 34. Qc5 Qxc5 35. bxc5 h6 36. Nb4 Rb2 37. Nxd5 e6 38. Nb6 Raa2 39. Kf1 Rxh2 40. Bg1 Rhc2 41. Rb1 Rab2 42. Rd1 f5 43. Nc8 Kg6 44. Nd6 Rd2 45. Rxd2 Rxd2 46. Nb5 Rc2 47. Nc7 Kf7 48. Nb5 h5 49. Nd6+ Kg6 50. Nc8 Rc1+ 51. Kg2 Rxg1+ 52. Kxg1 Bxd4+ 53. Kg2 Bxc5 54. Kf1 g4 55. fxg4 hxg4 56. Ke2 e5 57. Kd3 f4 58. Kc4 fxg3 59. Kxc5 g2 60. Ne7+ Kg5 61.
Nc6 g1=Q+ 62. Kd5 Qe3 63. Nxe5 Qxe5+ 64. Kxe5 g3 0-1

[Event "Early-Titled-Tuesday-Blitz-July-09-2024"]
[Site "Chess.com"]
[Date "2024.07.09"]
[Round "2"]
[White "PLAYER_2006_M"]
[Black "IamSchrodingersCat"]
[Result "0-1"]
[WhiteElo "2940"]
[BlackElo "2658"]
[TimeControl "180+1"]
[EndTime "8:18:33 PDT"]
[Termination "IamSchrodingersCat won by checkmate"]

1. e4 c5 2. Nf3 d6 3. d4 cxd4 4. Nxd4 Nf6 5. Nc3 g6 6. f3 Bg7 7.
Be3 O-O 8. Bc4 Nc6 9. Bb3 Bd7 10. h4 Rc8 11. Qd2 h5 12. O-O-O Ne5 13. Bg5 Re8 14. Kb1 a5 15. a4 Nc4 16. Bxc4 Rxc4 17. Qd3 Qc8 18.
Nde2 Rb4 19. b3 b5 20. e5 Nh7 21. Nd5 Bf5 22. Qc3 Qxc3 23. Nexc3 bxa4 24. Nxb4 axb4 25. Nxa4 Bxe5 26. Bd2 Ra8 27. Bxb4 Rb8 28. f4 Bf6 29. Ba3 Rxb3+ 30. Ka2 Rg3 31. Rd2 Be6+ 32.
Kb1 Rxa3 33. Nb2 Bc3 34. Re2 Ra5 35. Re3 Bf6 36. g3 Rb5 37. c3 Bf5+ 38. Kc1 Rc5 39.
Kd2 Nf8 40. Ra1 Ne6 41. Ra7 Kg7 42. Na4 Rd5+ 43. Ke1 Rb5 44. Kd2 Rb1 45. Re1 Rxe1 46. Kxe1 Nc5 47. Nxc5 Bxc3+ 48. Ke2 dxc5 49. Rxe7 Bf6 50.
Rc7 Bd4 51. Rd7 Bxd7 52. Kd3 Be6 53. Ke4 Kf6 54. f5 gxf5+ 55. Kf4 Be5+ 56. Kf3 Bd5+ 57.
Ke3 Bxg3 58. Kd3 Bxh4 59. Ke3 Bg3 60. Ke2 Be5 61. Ke3 h4 62. Kf2 h3 63. Kg1 h2+ 64.
Kf2 h1=Q 65. Ke3 Qf3+ 66. Kd2 Qc3+ 67. Ke2 Bf3+ 68. Kf2 Bd4+ 69. Kg3 Be4+ 70. Kh4 Bf2+ 71. Kh5 Qh3# 0-1

[Event "Early-Titled-Tuesday-Blitz-July-09-2024"]
[Site "Chess.com"]
[Date "2024.07.09"]
[Round "2"]
[White "GMAneta"]
[Black "Sychev_Klementy"]
[Result "0-1"]
[WhiteElo "2637"]
[BlackElo "2948"]
[TimeControl "180+1"]
[EndTime "8:18:33 PDT"]
[Termination "Sychev_Klementy won by resignation"]

1. d4 Nf6 2. Nf3 g6 3. c4 Bg7 4.
g3 c5 5. Bg2 cxd4 6. Nxd4 h5 7.
h3 O-O 8. Nc3 Qc7 9. b3 d5 10.
Ndb5 Qa5 11. Bd2 dxc4 12. bxc4 Qd8 13. O-O a6 14. Na3 Nc6 15. Nd5 Bf5 16. Bc3 Nxd5 17. Bxg7 Ne3 18. Qxd8 Rfxd8 19. fxe3 Kxg7 20. Rfd1 Rac8 21.
Kf2 Rxd1 22. Rxd1 Rc7 23. Rd2 Be6 24. Rb2 Na5 25. Rb4 Kf6 26. Rb6 Ke5 27. Ke1 Bc8 28. Kd2 Be6 29. Ke1 Kf5 30. Kd2 Kg5 31. Ke1 Kh6 32. Kd2 Kg7 33. Ke1 Kf8 34. Kd2 Nxc4+ 35. Nxc4 Rxc4 36. Bxb7 a5 37. Bc6 Bxh3 38. a4 Be6 39.
Bb5 Rg4 40. Ra6 Rxg3 41. Rxa5 h4 42. Bc6 h3 43. Ra8+ Kg7 44. a5 Rg1 45. a6 Ra1 46. a7 h2 47. Kc3 g5 48. Kb2 Ra2+ 49.
Kb1 Ra5 50. Kb2 Bf5 51. Bg2 g4 52. Kc3 Kf6 53. Kd4 Ra1 54. Kc5 g3 55. Kb6 Rb1+ 56.
Kc7 Rc1+ 57. Kb6 h1=Q 58. Bxh1 Rxh1 59. Rc8 Rb1+ 60. Kc5 Rc1+ 61. Kd4 Rxc8 62. e4 g2 63. a8=Q Rxa8 64. e5+ Ke6 65. e4 g1=Q+ 0-1

[Event "Early-Titled-Tuesday-Blitz-July-09-2024"]
[Site "Chess.com"]
[Date "2024.07.09"]
[Round "2"]
[White "Aslanov_Umid"]
[Black "aa175"]
[Result "0-1"]
[WhiteElo "2634"]
[BlackElo "2943"]
[TimeControl "180+1"]
[EndTime "8:18:33 PDT"]
[Termination "aa175 won by resignation"]

1. e4 e5 2. Nf3 Nf6 3. Nxe5 d6 4. Nf3 Nxe4 5. d4 d5 6. Bd3 Bd6 7. O-O O-O 8. c4 c6 9. Nc3 Nxc3 10. bxc3 dxc4 11.
Bxc4 Bf5 12. Bd3 Bxd3 13. Qxd3 Nd7 14. Rb1 h6 15. Re1 a5 16. c4 a4 17. Rxb7 Nc5 18.
Qb1 Nxb7 19. Qxb7 Qf6 20. Qb2 Rfe8 21. Rd1 Rab8 22. Qc2 c5 23. d5 Qg6 24. Qxa4 Re2 25. Kf1 Qc2 26. Qxc2 Rxc2 27. Be3 Rxc4 28. Nd2 Ra4 29. Nb3 c4 30. Nd4 Rxa2 31. Nf5 Be5 32. d6 c3 33. d7 Rd8 34. Ne7+ Kh7 35. Nc6 c2 36. Rc1 Bb2 37. Rxc2 Rxd7 38. Ke2 Rb7 39. Nd8 Re7 40. Nc6 Rc7 41. Kf3 Ra6 42. Rxb2 Raxc6 43. g4 Kg6 44. h4 h5 45. gxh5+ Kxh5 46. Rb5+ Kxh4 47. Bg5+ Kh3 48. Rb1 Rc3+ 49. Be3 Kh2 50. Rb5 f5 51. Rxf5 g5 52. Rxg5 Rf7+ 53. Ke2 Rc2+ 54.
Kd3 Ra2 55. f4 Kh3 56. f5 Kh4 57. Rg6 Rxf5 58. Ke4 Rf7 59. Rh6+ Kg4 60. Rg6+ Kh3 61. Bd4 Ra4 62. Rd6 Kg3 63. Rg6+ Kh4 64. Rd6 Kg5 65. Kd3 Rf3+ 66. Be3+ Kf5 67. Rd5+ Ke6 68. Rd8 Ke7 69. Ke2 Rxe3+ 70. Kxe3 Kxd8 0-1

[Event "Early-Titled-Tuesday-Blitz-July-09-2024"]
[Site "Chess.com"]
[Date "2024.07.09"]
[Round "2"]
[White "CM_rui"]
[Black "NikFil2013"]
[Result "1/2-1/2"]
[WhiteElo "2588"]
[BlackElo "2381"]
[TimeControl "180+1"]
[EndTime "8:18:34 PDT"]
[Termination "Game drawn by repetition"]

1. e4 c5 2. Nf3 d6 3. d4 cxd4 4. Nxd4 Nf6 5. f3 a6 6. c4 Nc6 7.
Nc3 e6 8. Be3 Be7 9. Be2 O-O 10.
O-O Bd7 11. Rc1 Rc8 12. Qd2 Qc7 13. Rfd1 Rfd8 14. b3 Be8 15. Bf1 Qb8 16. Qf2 d5 17.
cxd5 exd5 18. exd5 Nxd5 19. Nxd5 Rxd5 20. Bc4 Rdd8 21.
Nf5 Bf8 22. Qh4 Qe5 23. Qg4 Kh8 24. Bf4 Qc5+ 25. Kh1 Ne5 26. Bxe5 Qxe5 27. Re1 Qf6 28. Ng3 Bb4 29. Red1 b5 30. Bxb5 Rxc1 31. Rxc1 Bxb5 32. Qxb4 Qb2 33. Qc5 Qxa2 34. b4 h6 35. Nf5 Qe6 36.
Nd4 Qe3 37. Nxb5 Qxc5 38. bxc5 axb5 39. c6 b4 40. Kg1 b3 41. c7 Rc8 42. Kf2 b2 43. Rb1 Rxc7 44. Rxb2 Kg8 45. h4 h5 46. Kg3 g6 47. Rb8+ Kg7 48. Rb5 Rc4 49. Rd5 Ra4 50. Rd2 Kh6 51. Rb2 Rd4 52. Rb7 Kg7 53. Kh3 Rd2 54.
Rb3 Rd4 55. Kg3 Ra4 56. Rb2 Rc4 57. Kh3 Rd4 58. g4 Rd3 59. Kg2 Rd4 60. Kg3 Ra4 61. gxh5 gxh5 62. Rb5 Kg6 63. Rg5+ Kh6 64. Rf5 Kg6 65.
Rg5+ Kh6 66. Rg8 Rb4 67. Kh3 Ra4 68. Rg5 Rf4 69. Kg3 Ra4 1/2-1/2

[Event "Early-Titled-Tuesday-Blitz-July-09-2024"]
[Site "Chess.com"]
[Date "2024.07.09"]
[Round "2"]
[White "Mikhail_Golubev"]
[Black "ChessFighter_2011"]
[Result "1/2-1/2"]
[WhiteElo "2649"]
[BlackElo "2946"]
[TimeControl "180+1"]
[EndTime "8:18:36 PDT"]
[Termination "Game drawn by stalemate"]

1. e4 c5 2. Nf3 d6 3. d4 cxd4 4. Nxd4 Nf6 5. Nc3 a6 6. Bc4 e6 7. O-O b5 8. Bb3 Bb7 9. Re1 Nc6 10. a4 b4 11. Nxc6 Bxc6 12. Nd5 a5 13. Bg5 Be7 14.
Bxf6 Bxf6 15. Nxf6+ gxf6 16. Qh5 Ke7 17. Rad1 Qb6 18.
Rd3 Qc5 19. Qxc5 dxc5 20. Bd5 Bxd5 21. exd5 Rad8 22. dxe6 fxe6 23. Red1 Rxd3 24. Rxd3 c4 25. Rd4 Rc8 26. Kf1 Rc5 27. Ke2 h5 28. f4 h4 29. Kf3 f5 30. Rd1 c3 31. b3 Rc7 32. h3 Rc8 33. g3 hxg3 34. Kxg3 Rg8+ 35. Kf3 Rh8 36. Kg3 Rg8+ 37. Kf3 Rg6 38. Re1 Kd6 39.
Rd1+ Kc6 40. Re1 Rh6 41. Re2 Rxh3+ 42. Kg2 Rh6 43. Re5 Rh4 44. Kg3 Rg4+ 45. Kf3 Rg1 46.
Rxe6+ Kd5 47. Re5+ Kd4 48. Re2 Rf1+ 49. Kg3 Rd1 50.
Kf3 Rc1 51. Kf2 Rh1 52. Kf3 Rb1 53. Kf2 Rb2 54. Kf3 Rxc2 55. Rxc2 Kd3 56. Rc1 Kd2 57. Rh1 c2 58. Rh2+ Kc3 59. Rh1 Kxb3 60. Ke3 Kb2 61. Kd2 b3 62. Rc1 Ka2 63. Kc3 b2 64. Rxc2 Ka1 65.
Rxb2 1/2-1/2

[Event "Early-Titled-Tuesday-Blitz-July-09-2024"]
[Site "Chess.com"]
[Date "2024.07.09"]
[Round "2"]
[White "Oleg_Papayan"]
[Black "chessdjw"]
[Result "1-0"]
[WhiteElo "2565"]
[BlackElo "2767"]
[TimeControl "180+1"]
[EndTime "8:18:38 PDT"]
[Termination "Oleg_Papayan won by checkmate"]

1. d4 Nf6 2. Nc3 d5 3. Bf4 a6 4. e3 e6 5. a3 Bd6 6. Nf3 O-O 7.
h3 c5 8. dxc5 Bxc5 9. Bd3 Nbd7 10. e4 dxe4 11. Nxe4 Nxe4 12. Bxe4 Nf6 13. Qxd8 Rxd8 14.
Bd3 b6 15. O-O Bb7 16. Ne5 h6 17. Rad1 Rac8 18. Rfe1 Kf8 19. Kf1 b5 20. Ng4 Nxg4 21. hxg4 Bd4 22. c3 Bf6 23. f3 Rd7 24. Ke2 Rcd8 25.
Bc2 Bd5 26. Kf2 a5 27. Rd2 Bc4 28. Red1 Ke7 29. Rxd7+ Rxd7 30. Rxd7+ Kxd7 31. Ke3 Bg5 32. g3 e5 33. Bxg5 hxg5 34. b3 Bd5 35. b4 axb4 36. cxb4 Kd6 37. a4 bxa4 38. Bxa4 f6 39. Bb5 Bb3 40. Bd3 Kd5 41. Bb5 Bc4 42. Be8 Kd6 43. Ke4 Ba2 44. Ke3 Bc4 45. Ke4 Bd5+ 46. Ke3 Bb7 47. Bb5 Kd5 48. Be8 Kc4 49. b5 Kc5 50. f4 gxf4+ 51. gxf4 g5 52. fxg5 fxg5 53. Bd7 Bd5 54. Be8 Be6 55. Kf3 Kd4 56. Bc6 Kc5 57. Be8 Bd5+ 58. Ke3 Bg2 59. Bd7 Kd5 60. Bc6+ Kc5 61.
Bxg2 Kxb5 62. Ke4 Kc5 63. Kxe5 Kc4 64. Kf5 Kd3 65. Kxg5 Ke3 66. Kf5 Kf2 67. g5 Kg3 68.
g6 Kh4 69. Kf6 Kh5 70. g7 Kh6 71. Kf7 Kh7 72. Bh1 Kh6 73. g8=Q Kh5 74. Kf6 Kh4 75. Kf5 Kh3 76. Kf4 Kh2 77. Qg2# 1-0

[Event "Early-Titled-Tuesday-Blitz-July-09-2024"]
[Site "Chess.com"]
[Date "2024.07.09"]
[Round "2"]
[White "Dixit_Nikhil"]
[Black "BogdanDeac"]
[Result "0-1"]
[WhiteElo "2659"]
[BlackElo "3019"]
[TimeControl "180+1"]
[EndTime "8:18:39 PDT"]
[Termination "BogdanDeac won by checkmate"]

1. e4 c5 2. Nf3 d6 3. c3 Nf6 4. Be2 g6 5. O-O Bg7 6. Bb5+ Nfd7 7. d4 a6 8. Bd3 cxd4 9. cxd4 Nc6 10. d5 Nce5 11.
Nxe5 Nxe5 12. Be2 Nd7 13. Nc3 Nc5 14. Be3 O-O 15. Bd4 Nd7 16. Bxg7 Kxg7 17. Qd4+ Kg8 18. Rac1 Qb6 19. Qxb6 Nxb6 20. a4 Nd7 21. a5 Nf6 22. f3 Bd7 23. Kf2 b6 24. b4 Rfb8 25. Rb1 Ne8 26. Ke3 h5 27. Rfc1 Kf8 28. Kd2 Nf6 29.
h4 Ke8 30. Bd3 Kd8 31. Ne2 b5 32. Nd4 Rc8 33. Rxc8+ Rxc8 34. Rc1 Rxc1 35. Kxc1 e6 36. dxe6 fxe6 37. Kd2 e5 38. Nc2 Be6 39. Ne3 Nd7 40. g4 Nb8 41. gxh5 gxh5 42. Nd5 Nc6 43. Nf6 Nxb4 44.
Nxh5 Ke7 45. Ng3 Nc6 46. h5 Nxa5 47. h6 Kf8 48. Nh5 Bg8 49. Nf6 Bf7 50. Ke3 Nc4+ 51.
Kf2 a5 52. f4 a4 53. fxe5 dxe5 54. h7 Kg7 55. Bb1 a3 56. Ba2 Nd6 57. Bb1 a2 58.
Bxa2 Bxa2 59. Ke3 b4 60. Nd7 b3 61. Nxe5 b2 62. Nd3 b1=Q 63. Kd4 Kxh7 64. e5 Nb5+ 65. Kc5 Qxd3 66. e6 Qd5+ 67. Kb4 Qxe6 68. Kc5 Qc4+ 69.
Kb6 Nd4 70. Ka5 Qb5# 0-1

[Event "Early-Titled-Tuesday-Blitz-July-09-2024"]
[Site "Chess.com"]
[Date "2024.07.09"]
[Round "2"]
[White "gmpeter008"]
[Black "Mops_2004"]
[Result "0-1"]
[WhiteElo "2439"]
[BlackElo "2738"]
[TimeControl "180+1"]
[EndTime "8:18:41 PDT"]
[Termination "Mops_2004 won by resignation"]

1. d4 f5 2. c4 Nf6 3. Nf3 g6 4. e3 d6 5. Bd3 a5 6. Nc3 Nc6 7. d5 Nb4 8. Bb1 Bg7 9. Nd4 O-O 10. a3 Na6 11. h4 Nc5 12. b3 e5 13. dxe6 Nxe6 14.
Bb2 c6 15. Nxe6 Bxe6 16. Ne2 d5 17. c5 Qe7 18. b4 axb4 19. axb4 b6 20. Nd4 bxc5 21.
Rxa8 Rxa8 22. bxc5 Bd7 23. O-O Qxc5 24. Qb3 Qd6 25.
Nf3 Rb8 26. Qa2 Ne4 27. Bxg7 Kxg7 28. Qa1+ Qf6 29. Qa7 Rd8 30. Bxe4 fxe4 31. Nd4 Kh6 32. Qc7 Qxh4 33. Nxc6 Bxc6 34. Qxc6 d4 35. exd4 Rxd4 36. Qc1+ Qg5 37. Qc8 Qf5 38. Qh8 Rd2 39. Qb8 Rd3 40.
Qh2+ Kg7 41. Qc7+ Rd7 42. Qc3+ Qf6 43. Qe3 Qd4 44. Re1 Qxe3 45. Rxe3 Rd4 46. Kh2 Kf6 47. Kg3 Kf5 48. f3 exf3 49. Rxf3+ Ke5 50. Rf7 h6 51.
Kf3 Rd6 52. Kg3 Rf6 53. Re7+ Kf5 54. Rh7 h5 55. Rd7 g5 56. Rd5+ Kg6 57. Rb5 Re6 58. Rc5 Re3+ 59. Kf2 Re4 60. Rb5 Kf6 61. Rc5 Re5 62.
Rc6+ Kf5 63. Rc8 Re4 64. Rf8+ Kg4 65. Rf3 Rf4 66. Rxf4+ Kxf4 67. g3+ Ke4 68. Ke2 g4 69.
Kf2 Kd3 0-1

[Event "Early-Titled-Tuesday-Blitz-July-09-2024"]
[Site "Chess.com"]
[Date "2024.07.09"]
[Round "2"]
[White "HajiyevKanan"]
[Black "Alexchess1984"]
[Result "0-1"]
[WhiteElo "2566"]
[BlackElo "2804"]
[TimeControl "180+1"]
[EndTime "8:18:42 PDT"]
[Termination "Alexchess1984 won on time"]

1. b3 Nf6 2. Bb2 g6 3. Nf3 Bg7 4. e3 O-O 5. Be2 d6 6. O-O e5 7. c4 Re8 8. d3 Nbd7 9. Nbd2 Nf8 10. b4 b6 11. a4 a5 12. bxa5 bxa5 13. c5 Nd5 14.
Nc4 Nb4 15. cxd6 cxd6 16. d4 e4 17. Nfd2 Ba6 18. Bc3 d5 19. Ne5 Bxe2 20. Qxe2 Rc8 21. Bxb4 axb4 22. Qb5 Qd6 23. Nb3 f6 24. f4 fxe5 25.
fxe5 Qc6 26. Qxb4 Rb8 27. Qc5 Qxc5 28. Nxc5 Ne6 29. Nd7 Rb7 30. Nf6+ Bxf6 31. Rxf6 Rf7 32. Rxf7 Kxf7 33. a5 Ra8 34. a6 Ra7 35. Ra5 Nc7 36. Rc5 Ke6 37. Rc6+ Kd7 38. Rd6+ Kc8 39. Rf6 Rxa6 40. Rf8+ Kb7 41. Rf7 h5 42. Kf2 Re6 43. g4 hxg4 44. Kg3 Kc6 45. Kxg4 Na6 46. h4 Nb4 47. Rf8 Kd7 48. Kg5 Nc2 49. Rf7+ Ke8 50. Rf6 Ke7 51. Rxg6 Nxe3 52. Rg7+ Kf8 53. Rd7 Re7 54.
Rd6 Rg7+ 55. Kf6 Rf7+ 56. Kg6 Rg7+ 57. Kf6 Ng4+ 58. Kf5 e3 59. Ra6 e2 60. Ra8+ Kf7 61. Ra7+ Kg8 62. Ra1 Ne3+ 63. Kf4 Ng2+ 64. Kf3 e1=Q 65.
Rxe1 Nxe1+ 66. Kf4 Nc2 67. e6 Nxd4 68. Ke5 Nxe6 0-1

[Event "Early-Titled-Tuesday-Blitz-July-09-2024"]
[Site "Chess.com"]
[Date "2024.07.09"]
[Round "2"]
[White "maciek_92"]
[Black "ketster"]
[Result "1/2-1/2"]
[WhiteElo "2827"]
[BlackElo "2581"]
[TimeControl "180+1"]
[EndTime "8:18:43 PDT"]
[Termination "Game drawn by stalemate"]

1. c4 e6 2. Nf3 Nf6 3. g3 d5 4.
b3 d4 5. Bg2 c5 6. O-O Nc6 7. e3 e5 8. exd4 exd4 9. Re1+ Be7 10.
d3 O-O 11. Na3 h6 12. Nc2 Bf5 13. a3 a5 14. Ne5 Nxe5 15. Rxe5 Qd7 16. Qf3 Bg6 17.
h3 Bd6 18. Re1 Rab8 19. b4 axb4 20. axb4 b5 21. bxc5 Bxc5 22. Bf4 Rb6 23. Be5 bxc4 24. Na3 cxd3 25. Nc4 Re6 26. Bxf6 Rxf6 27. Qd1 Bf5 28. Ne5 Qb5 29. Rb1 Qa6 30. Be4 Bxe4 31. Rxe4 Re6 32. Nxd3 Rxe4 33. Nxc5 Qc6 34. Nxe4 Qxe4 35. Rb2 d3 36.
Qd2 Ra8 37. Rb1 Qd4 38. h4 Ra1 39. Rxa1 Qxa1+ 40. Kg2 Qd4 41. Kf3 f5 42. Kg2 Qe4+ 43. f3 Qd4 44. Kf1 Kh7 45. Kg2 Kg6 46. Kf1 Kf6 47.
Kg2 g5 48. hxg5+ hxg5 49. Kf1 f4 50. gxf4 gxf4 51. Qa5 d2 52. Qa6+ Kf5 53. Qc8+ Kg6 54. Qg8+ Kh6 55. Qf8+ Kg6 56. Qg8+ Kh6 57. Qf8+ Kg5 58.
Qe7+ Kg6 59. Qe8+ Kf5 60. Qf7+ Ke5 61. Qg7+ Kd5 62. Qd7+ Kc4 63. Qa4+ Kd3 64. Qxd4+ Kxd4 65. Ke2 Kc3 66. Kd1 Kd3 1/2-1/2

[Event "Early-Titled-Tuesday-Blitz-July-09-2024"]
[Site "Chess.com"]
[Date "2024.07.09"]
[Round "2"]
[White "urano56"]
[Black "RantomOpening"]
[Result "1-0"]
[WhiteElo "2400"]
[BlackElo "2594"]
[TimeControl "180+1"]
[EndTime "8:18:45 PDT"]
[Termination "urano56 won on time"]

1. d4 Nf6 2. c4 e6 3. Nc3 Bb4 4. e3 O-O 5. Bd3 d5 6. Ne2 dxc4 7. Bxc4 b6 8. O-O Bb7 9. f3 Nbd7 10. a3 Be7 11. d5 exd5 12. Nxd5 Nxd5 13. Bxd5 Bxd5 14. Qxd5 Nc5 15. Qc4 Bf6 16. Rb1 Qd3 17. Qxd3 Nxd3 18. Rd1 Rad8 19. Nc3 Bxc3 20. bxc3 c5 21.
e4 c4 22. Be3 f5 23. exf5 Rxf5 24. a4 Ra5 25. Rb4 Re8 26. Rxc4 Nb2 27. Re4 Nxd1 28.
Rxe8+ Kf7 29. Re4 Nxc3 30. Rc4 Nxa4 31. Rc7+ Kf8 32. Bd4 Nc5 33. Bxg7+ Kg8 34. Bh6 Ra1+ 35. Kf2 Ne6 36. Re7 Nc5 37. Rg7+ Kh8 38. h4 Ra2+ 39. Kg3 Re2 40. Rxa7 Re8 41. h5 Rb8 42. Bf4 Rb7 43. Be5+ Kg8 44. Ra8+ Kf7 45. Rh8 Ke6 46. Bd4 Nd3 47.
h6 b5 48. Rg8 b4 49. Re8+ Re7 50. Rb8 Kf5 51. Bg7 Kg6 52. Kh3 Kf7 53. g4 Kg6 54.
Kg3 Kf7 55. Rb6 Rd7 56. Rf6+ Ke7 57. Rb6 Kd8 58. Rb5 Kc7 59. g5 Kc6 60. Rb8 Rb7 61. Rc8+ Rc7 62. Rh8 b3 63. Rb8 Rb7 64. Rxb7 Kxb7 65.
g6 hxg6 66. h7 Nc5 67. h8=Q Kc6 68. Bb2 Kd5 69. Qe5+ Kc4 70. Qd4+ Kb5 71. Ba3 Na4 72. Qb4+ 1-0

[Event "Early-Titled-Tuesday-Blitz-July-09-2024"]
[Site "Chess.com"]
[Date "2024.07.09"]
[Round "2"]
[White "Igor_Janik"]
[Black "Sadykov_Ramil"]
[Result "1/2-1/2"]
[WhiteElo "2890"]
[BlackElo "2616"]
[TimeControl "180+1"]
[EndTime "8:18:47 PDT"]
[Termination "Game drawn - insufficient material"]

1. e4 e5 2. Nf3 Nc6 3. Bc4 Bc5 4. O-O Nf6 5. d4 exd4 6. e5 d5 7. exf6 dxc4 8. fxg7 Rg8 9. Bg5 Qd6 10. Nbd2 Qd5 11. Ne4 Be7 12. Re1 Be6 13. Nf6+ Bxf6 14. Bxf6 Qf5 15.
Bxd4 O-O-O 16. c3 Qg4 17. Ne5 Qxg7 18. g3 Nxe5 19. Rxe5 Qxe5 20. Bxe5 Rxd1+ 21. Rxd1 Rd8 22. Rxd8+ Kxd8 23. f3 Bd5 24. Kf2 Kd7 25. Ke3 c5 26.
g4 Ke6 27. Bb8 a6 28. Kf4 f6 29. h3 b5 30. Ba7 Bc6 31. Bxc5 Bd5 32. Bb6 Bc6 33.
Bd8 Bd5 34. Ke3 Bc6 35. f4 Bg2 36. h4 Bh3 37. g5 fxg5 38. hxg5 Kd5 39. Kf3 Bf5 40.
Kg3 Ke6 41. Kh4 Kf7 42. Kh5 Bg6+ 43. Kg4 Ke6 44. a3 Bf5+ 45. Kh5 Kf7 46. Bb6 Ke6 47.
Bc7 Kf7 48. Kh4 Ke6 49. Kg3 Kd5 50. Kf2 Bg6 51. Ke3 Bf5 52. Kd2 Bg6 53. Kc1 Ke4 54.
Kb1 Kd5+ 55. Ka2 Bf5 56. a4 bxa4 57. Ka3 Bc2 58. Kb4 Bd3 59. Ka5 Kc5 60. Kxa6 Kc6 61. Be5 Kd5 62. Kb5 Bc2 63. Bd4 Bd3 64. Kxa4 Bc2+ 65.
Kb4 Bd3 66. b3 cxb3 67. Kxb3 Be4 68. Be5 Bd3 69. Kb4 Be2 70. Ka5 Kc6 71. Kb4 Bd3 72.
Kb3 Kc5 73. Kb2 Bc4 74. Kc1 Kd5 75. Kd2 Ke4 76. Bc7 Bd5 77. Kc2 Bc4 78. Kb2 Kd5 79. f5 Ke4 80. g6 hxg6 81. fxg6 Kf5 82. g7 Kf6 83. Be5+ Kxe5 84. Ka3 Kf6 85. Kb4 Bg8 86.
c4 Bxc4 87. Kxc4 Kxg7 1/2-1/2